 Dungeon Crawl Stone Soup version 0.27.1-3-gb3d3a73c9e (webtiles) character file.

Game seed: 8840795036223766391

12 CuBeRJAN3 the Skirmisher (level 2, 17/19 HPs)
             Began as a Gargoyle Fighter on Oct 8, 2021.
             Quit the game on level 1 of the Dungeon.
             The game lasted 00:00:50 (427 turns).

CuBeRJAN3 the Skirmisher (Gargoyle Fighter)          Turns: 427, Time: 00:00:51

Health: 17/19      AC:  9    Str: 19    XL:     2   Next: 33%
Magic:  2/2        EV:  7    Int:  8    God:
Gold:   37         SH:  9    Dex:  9    Spells: 1/1 levels left

rFire    . . .     SeeInvis .   a - +0 flail
rCold    . . .     Faith    .   c - +0 kite shield
rNeg     + . .     Spirit   .   b - +0 scale mail
rPois    ∞         Reflect  .   (no helmet)
rElec    +         Harm     .   (no cloak)
rCorr    .         Rampage  .   (no gloves)
Will     .....                  (no boots)
Stlth    ..........             (no amulet)
HPRegen  0.06/turn              (no ring)
MPRegen  0.08/turn              (no ring)

@: no status effects
A: sickness immunity, AC +2, negative energy resistance 1, electricity
resistance, torment resistance 1, petrification resistance
a: no special abilities


You were on level 1 of the Dungeon.
You visited 1 branch of the dungeon, and saw 1 of its levels.

You collected 37 gold pieces.

Inventory:

Hand Weapons
 a - a +0 flail (weapon)
Armour
 b - a +0 scale mail (worn)
 c - a +0 kite shield (worn)
Potions
 d - a potion of might


   Skills:
 * Level 3.5 Fighting
 * Level 2.3 Maces & Flails
 + Level 3.4 Armour
 + Level 3.4 Shields


You had one spell level left.
You didn't know any spells.
Your spell library was empty.

Dungeon Overview and Level Annotations

Branches:
Dungeon (1/15)

Altars:


Innate Abilities, Weirdness & Mutations

You are immune to sickness and miasma.
Your stone body is resilient. (AC +2)
You are immune to poison.
You resist negative energy. (rN+)
You are resistant to electric shocks. (rElec)
You are resistant to unholy torment.
You are immune to petrification.


Message History

The ball python constricts you.
You sock the ball python!
You kill the ball python!
A ball python comes into view.
The ball python hisses angrily.
A ball python is nearby!
You sock the ball python!
You kill the ball python!
You see here a ball python corpse.
A kobold comes into view. It is wielding a +0 club.
The kobold shouts!
A kobold is nearby!
The kobold throws a stone.
The stone hits you but does no damage. The kobold hits you but does no damage.
You closely miss the kobold. The kobold hits you but does no damage.
You barely miss the kobold. The kobold barely misses you.
You block the kobold's attack.
You closely miss the kobold.
The kobold hits you but does no damage. x2
You barely miss the kobold. You block the kobold's attack.
You closely miss the kobold. The kobold barely misses you. x2
You miss the kobold. The kobold barely misses you.
You hit the kobold but do no damage. The kobold barely misses you.
The kobold hits you with a +0 club.
You closely miss the kobold. You block the kobold's attack.
You completely miss the kobold. The kobold hits you but does no damage.
You hit the kobold.
The kobold is severely wounded.
You block the kobold's attack. x2
You barely miss the kobold.
The kobold is severely wounded.
The kobold hits you but does no damage. The kobold hits you with a +0 club.
You sock the kobold!
You kill the kobold!
Found 8 gold pieces.
Things that are here:
a +0 club; 5 stones
Found 11 gold pieces.
You now have 26 gold pieces (gained 8).
You now have 37 gold pieces (gained 11).
Are you sure you want to abandon this character and quit the game? (Confirm with "yes".)

..#.##############.#.#
.#....)........# #.#.###
..############.# #.....#
............##.#####.#.#
.##########.#....†...# ..
...(......#.#################
####........##...............
######.####.............##
#.......##..@............
#.......##...............
#.......##...............
#.......##.............#
#.......##.............#
#....†..###............#
#####.### ######.####### #.#
#.# #.# #.#


There were no monsters in sight!

Vanquished Creatures
  A bat (D:1)
  3 endoplasms (D:1)
  A giant cockroach (D:1)
  A goblin (D:1)
  2 ball pythons (D:1)
  A frilled lizard (D:1)
  A kobold (D:1)
  2 rats (D:1)
12 creatures vanquished.

Notes
Turn   | Place    | Note
-------+----------+-------------------------------------------
     0 | D:1      | CuBeRJAN3 the Gargoyle Fighter began the quest for the Orb.
     0 | D:1      | Reached XP level 1. HP: 14/14 MP: 1/1
   202 | D:1      | Reached XP level 2. HP: 11/19 MP: 2/2
   427 | D:1      | Quit the game

Illustrated notes

Levels and vault maps discovered:
D:1:      doesnt_arrival_eight_statues, layout_basic, st_stairs_7,
          minmay_ruptured

Action                   || total
-------------------------++-------
Melee: Flail             ||    51
Armor: Scale mail        ||    29
Dodge: Dodged            ||    22
Block: Kite shield       ||    24
